 Dungeon Crawl Stone Soup version 0.29-a0-284-gf9362112df (webtiles) character file.

Game seed: 6352521096936160992

4393 Rohain the Magician (level 10, -1/118 HPs)
             Began as a Gnoll Warper on Mar 31, 2022.
             Was a Follower of Okawaru.
             Killed by divine providence
             ... invoked by an orc priest
              (12 damage)
             ... on level 8 of the Dungeon.
             The game lasted 00:20:16 (10159 turns).

Rohain the Magician (Gnoll Warper)                 Turns: 10159, Time: 00:20:17

Health: -1/118     AC: 25    Str: 18    XL:     10   Next: 35%
Magic:  19/20      EV:  2    Int: 20    God:    Okawaru [*.....]
Gold:   391        SH:  0    Dex: 13    Spells: 17/23 levels left

rFire   . . .      SeeInvis .   H - +4 falchion "Napp" {vorpal, Str+2 Int+4}
rCold   + . .      Faith    .   (no shield)
rNeg    . . .      Spirit   .   (body armour currently unavailable)
rPois   +          Reflect  .   (helmet currently unavailable)
rElec   .          Harm     .   (cloak currently unavailable)
rCorr   .          Rampage  .   (gloves currently unavailable)
Will    .....      NoTele   +   (boots currently unavailable)
Stlth   +++.......              (no amulet)
HPRegen 0.29/turn               h - +6 ring of strength
MPRegen 0.17/turn               n - ring of protection from cold

@: mighty, brilliant, tree-form (expiring), slowed, very slow
A: stationary, stasis, torment immunity, boosted hp, (fangs 1), strong nose,
distributed training
a: Renounce Religion, Heroism


You were on level 8 of the Dungeon.
You worshipped Okawaru.
Okawaru was aware of your devotion.
You were a tree.
You visited 2 branches of the dungeon, and saw 9 of its levels.

You collected 391 gold pieces.

Inventory:

Hand Weapons
 a - a +0 spear
 u - a +0 longbow
 B - a +0 halberd
 E - a +4 flail of protection
 H - the +4 falchion "Napp" (weapon) {vorpal, Str+2 Int+4}
   (You found it on level 7 of the Dungeon)

   It inflicts extra damage upon your enemies.
   Str:       It affects your strength (+2).
   Int:       It affects your intelligence (+4).
Missiles
 d - 3 boomerangs of dispersal
 k - 4 javelins
 x - 12 poisoned darts (quivered)
Armour
 b - a +0 leather armour
 i - a +3 scale mail of fire resistance (melded)
 r - a +3 chain mail of poison resistance
 v - a +0 pair of gloves (melded)
 y - a +1 pair of boots (melded)
Jewellery
 h - a +6 ring of strength (left branch)
 n - a ring of protection from cold (right branch)
 o - a ring of protection from cold
 F - a +6 ring of intelligence
Wands
 j - a wand of flame (22)
 A - a wand of acid (12)
 C - a wand of polymorph (5)
 D - a wand of paralysis (3)
Scrolls
 c - 2 scrolls of blinking
 e - 2 scrolls of torment
 f - a scroll of teleportation
 g - 3 scrolls of fog
 l - a scroll of enchant armour
 m - a scroll of vulnerability
 q - 4 scrolls of identify
 s - a scroll of immolation {unknown}
 I - a scroll of magic mapping {unknown}
 J - a scroll of acquirement {unknown}
Potions
 p - a potion of attraction
 t - a potion of might
 w - 2 potions of mutation


   Skills:
 + Level 7.0 Fighting
 + Level 5.2 Short Blades
 + Level 5.2 Long Blades
 + Level 5.2 Axes
 + Level 5.2 Maces & Flails
 + Level 7.0 Polearms
 + Level 5.2 Staves
 + Level 5.2 Slings
 + Level 5.2 Bows
 + Level 5.2 Crossbows
 + Level 5.9 Throwing
 + Level 5.9 Armour
 + Level 7.0 Dodging
 + Level 5.2 Stealth
 + Level 5.2 Shields
 + Level 5.2 Unarmed Combat
 + Level 7.3 Spellcasting
 + Level 4.3 Conjurations
 + Level 4.3 Hexes
 + Level 4.3 Summonings
 + Level 4.3 Necromancy
 + Level 7.0 Translocations
 + Level 4.3 Transmutations
 + Level 4.3 Fire Magic
 + Level 4.3 Ice Magic
 + Level 4.3 Air Magic
 + Level 4.3 Earth Magic
 + Level 4.3 Poison Magic
 + Level 5.7 Invocations
 + Level 5.2 Evocations


You had 17 spell levels left.
You knew the following spells:

 Your Spells              Type           Power      Damage    Failure   Level
a - Blink                 Tloc           100%       N/A       1%          2
b - Foxfire               Conj/Fire      100%       2x1d9     1%          1
c - Teleport Other        Tloc           52%        N/A       1%          3

Your spell library contained the following spells:

 Spells                   Type           Power      Damage    Failure   Level
 Freeze                   Ice            100%       1d11      1%          1
 Gell's Gravitas          Tloc           52%        N/A       1%          3
 Lesser Beckoning         Tloc           52%        N/A       1%          3
 Conjure Flame            Conj/Fire      36%        6-21      4%          3
 Frozen Ramparts          Ice            72%        1d9       4%          3
 Inner Flame              Hex/Fire       36%        N/A       4%          3
 Manifold Assault         Tloc           52%        N/A       14%         5
 Flame Wave               Conj/Fire      36%        2d9       16%         4
 Hailstorm                Conj/Ice       36%        3d9       16%         4


Dungeon Overview and Level Annotations

Branches:
Dungeon (8/15)             Temple (1/1) D:6
   Lair: D:8-11

Altars:
Ashenzari
Cheibriados
Dithmenos
Elyvilon
Fedhas
Gozag
Hepliaklqana
Kikubaaqudgha
Makhleb
Nemelex Xobeh
Okawaru
Qazlal
Ru
Sif Muna
Trog
Uskayaw
Vehumet
Wu Jian
Xom
Yredelemnul
Zin
The Shining One

Annotations:
D:4 1 runed translucent door, Darius099's ghost, novice GrFi


Innate Abilities, Weirdness & Mutations

You are a tree.
Your roots penetrate the ground, keeping you stationary.
You cannot be teleported.
You are immune to unholy pain and torment.
Your maximum health is greatly increased.
Your equipment is partially melded.
((You have very sharp teeth.))
Your uncanny sense of smell can sniff out nearby items.
Your experience applies equally to all skills.


Message History

An orc wizard comes into view. It is wielding a +0 dagger.
The kobold brigand barely misses you.
You slash the kobold brigand!
You kill the kobold brigand!
Okawaru accepts your kill. The orc hits you but does no damage.
You completely miss the orc.
An orc comes into view. It is wielding a +0 hand axe.
The orc hits you but does no damage. x3; The orc barely misses you.
The orc moves out of view.
You slice the orc!!
You kill the orc!
Okawaru accepts your kill.
An orc comes into view. It is wielding a +0 whip.
The orc hits you but does no damage. x3
You slash the orc!
You kill the orc!
The orc priest looks encouraged for a moment.
The orc hits you but does no damage.
An orc priest comes into view. It is wielding a +0 short sword.
You cannot teleport because you are held in place by your roots.
You slash the orc!
You kill the orc!
Okawaru accepts your kill. The orc barely misses you.
The orc priest invokes the aid of Beogh against you.
Beogh smites you!
* * * LOW HITPOINT WARNING * * *
The orc priest looks encouraged for a moment.
The kobold hits you but does no damage. The orc hits you but does no damage.
An orc priest comes into view. It is wielding a +0 short sword.
Okay, then.
You slash the kobold!
You kill the kobold!
Your transformation is almost over.
The sentinel's mark upon you fades away.
The orc hits you but does no damage.
The orc priest mumbles some strange prayers to Beogh against you.
Beogh smites you!
You die...

)...............#
##...##########.#
#...# #.# #...#
#.# ##### #$##
#..# ##.# #)# #♣#
..
..#####K###.###
..
..K)K..oo....$.
.)
..#####o###.##.


#oo # ##o# . ∆o.∆ # oo# ∆... You could see 3 orc priests, 2 orc wizards, 4 orcs
and a kobold.

Vanquished Creatures
  7 yaks
  Menkaure (D:7)
  4 water moccasins
  An ice beast (D:5)
  A black bear (D:5)
  A centaur (D:7)
  An ogre (D:7)
  A lemure (D:3)
  2 phantoms
  2 kobold brigands (D:8)
  2 bullfrogs
  4 necrophages
  7 scorpions
  12 wights (D:7)
  A killer bee (D:7)
  3 orc priests
  3 hounds
  2 gnoll shamans
  3 jellies
  Ijyb (D:3)
  4 iguanas
  4 orc wizards
  9 gnolls
  12 adders
  2 shadow imps
  An ufetubus (D:5)
  4 dart slugs
  21 orcs
  7 endoplasms
  A giant cockroach (D:3)
  2 goblins (D:2)
  8 hobgoblins
  13 kobolds
  7 quokkas
  10 ball pythons
  5 bats
  5 frilled lizards
  14 rats
  A spectral orc (D:3)
189 creatures vanquished.

Vanquished Creatures (others)
  2 orcs (D:6)
  136 foxfires
  11 plants (D:1)
149 creatures vanquished.

Grand Total: 338 creatures vanquished

Notes
Turn   | Place    | Note
-------+----------+-------------------------------------------
     0 | D:1      | Rohain the Gnoll Warper began the quest for the Orb.
     0 | D:1      | Reached XP level 1. HP: 20/20 MP: 6/6
   155 | D:1      | Reached XP level 2. HP: 20/26 MP: 7/7
   237 | D:1      | Learned a level 2 spell: Blink
   710 | D:1      | Reached XP level 3. HP: 31/31 MP: 9/9
   712 | D:1      | Reached skill level 5 in Spellcasting
  1050 | D:1      | Found a faded altar of an unknown god.
  1057 | D:1      | Reached skill level 1 in Invocations
  1365 | D:2      | Reached skill level 1 in Short Blades
  1365 | D:2      | Reached skill level 1 in Long Blades
  1365 | D:2      | Reached skill level 1 in Axes
  1365 | D:2      | Reached skill level 1 in Maces & Flails
  1365 | D:2      | Reached skill level 1 in Staves
  1365 | D:2      | Reached skill level 1 in Slings
  1365 | D:2      | Reached skill level 1 in Bows
  1365 | D:2      | Reached skill level 1 in Crossbows
  1365 | D:2      | Reached skill level 1 in Stealth
  1365 | D:2      | Reached skill level 1 in Shields
  1365 | D:2      | Reached skill level 1 in Unarmed Combat
  1365 | D:2      | Reached skill level 1 in Evocations
  1386 | D:2      | Reached XP level 4. HP: 32/38 MP: 11/11
  1596 | D:2      | Found a broken altar of Ashenzari.
  1968 | D:3      | Noticed Ijyb
  2045 | D:3      | Killed Ijyb
  2046 | D:3      | Reached skill level 1 in Conjurations
  2046 | D:3      | Reached skill level 1 in Hexes
  2046 | D:3      | Reached skill level 1 in Summonings
  2046 | D:3      | Reached skill level 1 in Necromancy
  2046 | D:3      | Reached skill level 1 in Transmutations
  2046 | D:3      | Reached skill level 1 in Fire Magic
  2046 | D:3      | Reached skill level 1 in Ice Magic
  2046 | D:3      | Reached skill level 1 in Air Magic
  2046 | D:3      | Reached skill level 1 in Earth Magic
  2046 | D:3      | Reached skill level 1 in Poison Magic
  2111 | D:3      | Reached XP level 5. HP: 43/43 MP: 12/12
  2526 | D:3      | Found a basalt altar of Yredelemnul.
  2781 | D:4      | Noticed Darius099's ghost (novice GrFi)
  2781 | D:4      | Found a runed translucent door.
  3046 | D:4      | Noticed a lemure
  3050 | D:4      | Noticed a lemure
  3105 | D:3      | Killed a lemure
  3566 | D:5      | Entered Level 5 of the Dungeon
  3716 | D:5      | Noticed a phantom
  3750 | D:5      | Killed a phantom
  3751 | D:5      | Reached XP level 6. HP: 29/50 MP: 14/14
  3887 | D:5      | Noticed a black bear
  3902 | D:5      | Killed a black bear
  3903 | D:5      | Reached skill level 5 in Fighting
  3903 | D:5      | Reached skill level 5 in Polearms
  3903 | D:5      | Reached skill level 5 in Dodging
  4174 | D:5      | Reached XP level 7. HP: 55/56 MP: 15/15
  4938 | D:5      | Learned a level 1 spell: Foxfire
  5144 | D:5      | Reached XP level 8. HP: 30/63 MP: 16/16
  5835 | D:5      | Identified the +1 robe of Mikecerch {rC+}
  5864 | D:5      | Noticed a yak
  5880 | D:5      | Killed a yak
  6538 | D:6      | Noticed a yak
  6539 | D:6      | Noticed a yak
  6552 | D:6      | Killed a yak
  6552 | D:6      | Noticed a yak
  6553 | D:6      | Reached XP level 9. HP: 69/69 MP: 11/18
  7071 | D:6      | Reached skill level 5 in Throwing
  7071 | D:6      | Reached skill level 5 in Armour
  7829 | D:6      | Found a staircase to the Ecumenical Temple.
  8205 | Temple   | Entered the Ecumenical Temple
  8269 | Temple   | Became a worshipper of Warmaster Okawaru
  8353 | D:7      | Identified the +4 falchion "Napp" {vorpal, Str+2 Int+4}
  8359 | D:7      | Reached skill level 5 in Invocations
  8766 | D:7      | Reached * piety under Okawaru
  8767 | D:7      | Reached XP level 10. HP: 77/77 MP: 11/20
  8908 | D:7      | Learned a level 3 spell: Teleport Other
  8923 | D:7      | Noticed Menkaure
  8928 | D:7      | Killed Menkaure
  8963 | D:7      | Reached skill level 5 in Short Blades
  8963 | D:7      | Reached skill level 5 in Long Blades
  8963 | D:7      | Reached skill level 5 in Axes
  8963 | D:7      | Reached skill level 5 in Maces & Flails
  8963 | D:7      | Reached skill level 5 in Staves
  8963 | D:7      | Reached skill level 5 in Slings
  8963 | D:7      | Reached skill level 5 in Bows
  8963 | D:7      | Reached skill level 5 in Crossbows
  8963 | D:7      | Reached skill level 5 in Stealth
  8963 | D:7      | Reached skill level 5 in Shields
  8963 | D:7      | Reached skill level 5 in Unarmed Combat
  8963 | D:7      | Reached skill level 5 in Evocations
 10159 | D:8      | Killed from afar by an orc priest

Illustrated notes

Levels and vault maps discovered:
D:1:      beargit_arrival_greenhouse, layout_loops_ring,
          dilly_ecumenical_altar_fadedgnrine, corexii_item_surrounded_by_moat,
          chequers_serial_rivers_micro_a, minmay_rat_gold_closets
D:2:      layout_loops_ring, basic_altar
D:3:      layout_rooms, yredelemnul_forgotten_temple_becter, kennysheep_potato,
          uniq_ijyb
D:4:      layout_gridville, gammafunk_ghost_grave, uniq_pikel, uniq_duvessa
D:5:      minmay_chambers_of_threes, layout_loops_ring, corexii_shack
D:6:      nicolae_cairo_tiling_large_dashed, layout_rooms,
          minmay_temple_entry_statues_pillars, serial_corexii_hall,
          corexii_hall_statues_s, corexii_hall_statues_deadend,
          serial_bayou_pond_a
D:7:      layout_basic, st_stairs_6, grunt_ministairs_14,
          kennysheep_generic_room_3, uniq_menkaure
D:8:      layout_basic, gammafunk_ghost_spectres
Temple:   nicolae_temple_the_god_donut

Skill      XL: |  1  2  3  4  5  6  7  8  9 10 |
---------------+-------------------------------+-----
Spellcasting   | 5 6 7 |  7.3
Invocations    | 1 2 3 4 5 |  5.7
Short Blades   | 1 2 3 4 5 |  5.2
Long Blades    | 1 2 3 4 5 |  5.2
Axes           | 1 2 3 4 5 |  5.2
Maces & Flails | 1 2 3 4 5 |  5.2
Staves         | 1 2 3 4 5 |  5.2
Slings         | 1 2 3 4 5 |  5.2
Bows           | 1 2 3 4 5 |  5.2
Crossbows      | 1 2 3 4 5 |  5.2
Stealth        | 1 2 3 4 5 |  5.2
Shields        | 1 2 3 4 5 |  5.2
Unarmed Combat | 1 2 3 4 5 |  5.2
Evocations     | 1 2 3 4 5 |  5.2
Conjurations   | 1 2 3 4 |  4.3
Hexes          | 1 2 3 4 |  4.3
Summonings     | 1 2 3 4 |  4.3
Necromancy     | 1 2 3 4 |  4.3
Transmutations | 1 2 3 4 |  4.3
Fire Magic     | 1 2 3 4 |  4.3
Ice Magic      | 1 2 3 4 |  4.3
Air Magic      | 1 2 3 4 |  4.3
Earth Magic    | 1 2 3 4 |  4.3
Poison Magic   | 1 2 3 4 |  4.3
Throwing       | 3 4 5 |  5.9
Armour         | 3 4 5 |  5.9
Fighting       | 5 6 7 |  7.0
Polearms       | 5 6 7 |  7.0
Dodging        | 5 6 7 |  7.0
Translocations | 6 7 |  7.0

Action                   |  1- 3 |  4- 6 |  7- 9 | 10-12 || total
-------------------------+-------+-------+-------+-------++-------
Melee: Spear             |   130 |   339 |   146 |       ||   615
       Bite              |     5 |    23 |    40 |     5 ||    73
       Punch             |       |    10 |     9 |       ||    19
       Halberd           |       |       |   165 |       ||   165
       Falchion          |       |       |    41 |    71 ||   112
       Flail             |       |       |    31 |       ||    31
Throw: Boomerang         |       |     2 |     2 |       ||     4
       Javelin           |       |     2 |       |       ||     2
       Dart              |       |     8 |    37 |       ||    45
 Cast: Blink             |       |     6 |     6 |     1 ||    13
       Foxfire           |       |       |    40 |    46 ||    86
  Use: Potion            |       |     1 |     3 |     3 ||     7
       Scroll            |       |     9 |     2 |       ||    11
 Stab: Sleeping          |     5 |       |     1 |       ||     6
Armor: Leather armour    |    12 |       |       |       ||    12
       Scale mail        |    11 |    89 |   178 |    30 ||   308
       Chain mail        |       |    35 |       |       ||    35
       Skin              |       |       |       |    21 ||    21
Dodge: Dodged            |    48 |   111 |   220 |    38 ||   417

Table legend: (Time is in decaauts)
 A = Elapsed time spent in this place.
 B = Non-inter-level travel time spent in this place.
 C = Inter-level travel time spent in this place.
 D = Time resting spent in this place.
 E = Time spent auto-exploring this place.
 F = Levels seen in this place.
 G = Mean time per level.
                   A        B        C        D        E       F      G
               +--------+--------+--------+--------+--------+-----+--------+
         Total |  10133 |   9870 |    263 |   2047 |   5769 |   9 | 1125.9 |
       Dungeon |  10054 |   9824 |    230 |   2047 |   5769 |   8 | 1256.8 |
        Temple |     78 |     45 |     33 |      0 |      0 |   1 |   78.0 |
               +--------+--------+--------+--------+--------+-----+--------+

Top non-repeatable levels by time:
     D:5: 3273 daAuts
     D:7: 1604 daAuts
     D:1: 1158 daAuts
     D:6: 1148 daAuts
     D:3: 1068 daAuts
     D:2: 804 daAuts
     D:4: 730 daAuts
     D:8: 265 daAuts
  Temple: 78 daAuts
